 Dungeon Crawl Stone Soup version 0.21.1-1-g345015f (webtiles) character file.

137694 infcreate the Severer (level 16, -7/149 HPs)
             Began as a Minotaur Fighter on June 2, 2018.
             Was the Champion of Trog.
             Killed from afar by Aizul (21 damage)
             ... with a bolt of poison
             ... on level 3 of the Elven Halls.
             The game lasted 02:14:08 (24830 turns).

infcreate the Severer (Minotaur Fighter)           Turns: 24830, Time: 02:14:10

Health: -7/149     AC: 13    Str: 34    XL:     16   Next: 69%
Magic:  15/15      EV: 12    Int:  6    God:    Trog [******]
Gold:   1103       SH: 29    Dex: 12    Spells: 15/15 levels left

rFire    . . .     SeeInvis +   y - +4 broad axe (chop)
rCold    . . .     Gourm    .   S - +0 large shield "Qaredgh" {*Corrode rElec Regen+ Str+3} (curse)
rNeg     + + .     Faith    .   a - +0 chain mail of Atacsod {*Contam rN+ Str+3 SInv} (curse)
rPois    .         Spirit   .   (helmet restricted)
rElec    +         Reflect  +   (no cloak)
rCorr    .         Harm     .   v - +0 pair of gloves
MR       ++++.                  N - +0 pair of boots
Stlth    ..........             e - +5 amulet of reflection
HPRegen  1.74/turn              T - ring of protection from magic
MPRegen  0.14/turn              Q - ring of the Octopus King {rN+ AC+1 EV+1 Str+1 Int+1 Dex+1}

@: lethally poisoned (-7 -> -9), corroded, regenerating
A: retaliatory headbutt, horns 2
a: Berserk, Trog's Hand, Brothers in Arms, Burn Spellbooks, Renounce Religion


You were on level 3 of the Elven Halls.
You worshipped Trog.
Trog was exalted by your worship.
You were very hungry.

You visited 5 branches of the dungeon, and saw 24 of its levels.
You visited 1 bazaar.
You also visited: Sewer and Volcano.

You collected 1728 gold pieces.
You spent 625 gold pieces at shops.

Inventory:

Hand Weapons
 y - a +4 broad axe of chopping (weapon)
Armour
 a - the cursed +0 chain mail of Atacsod (worn) {*Contam rN+ Str+3 SInv}
   (You found it on level 2 of the Orcish Mines)

   It affects your strength (+3).
   It protects you from negative energy.
   It lets you see invisible.
   It causes magical contamination when unequipped.
   It has a curse placed upon it.
 c - a +0 shield
 h - a +1 plate armour
 v - a +0 pair of gloves (worn)
 N - a +0 pair of boots (worn)
 S - the cursed +0 large shield "Qaredgh" (worn) {*Corrode rElec Regen+ Str+3}
   (You took it off Louise on level 1 of the Elven Halls)

   It affects your strength (+3).
   It insulates you from electricity.
   It increases your rate of regeneration.
   It may corrode you when you take damage.
   It has a curse placed upon it.
Jewellery
 e - a +5 amulet of reflection (around neck)
 o - an uncursed ring of poison resistance
 C - an uncursed ring of fire
 Q - a ring of the Octopus King (right hand) {rN+ AC+1 EV+1 Str+1 Int+1 Dex+1}
   (You bought it in a shop on level 2 of the Orcish Mines)

   [ring of positive energy]

   It affects your AC (+1).
   It affects your evasion (+1).
   It affects your strength (+1).
   It affects your intelligence (+1).
   It affects your dexterity (+1).
   It protects you from negative energy.
 R - an uncursed amulet of faith {unknown}
 T - a ring of protection from magic (left hand)
Wands
 H - a wand of digging (14)
Scrolls
 b - 2 scrolls of magic mapping
 g - 6 scrolls of fog
 j - 9 scrolls of remove curse
 k - 4 scrolls of blinking
 l - 8 scrolls of teleportation
 u - 6 scrolls of identify
 w - 3 scrolls of fear
 x - a scroll of summoning {unknown}
 A - a scroll of enchant armour
 B - 2 scrolls of immolation {unknown}
 E - a scroll of enchant weapon
 F - a scroll of silence {unknown}
 G - a scroll of torment {unknown}
 I - a scroll of brand weapon {unknown}
 L - a scroll of vulnerability {unknown}
 O - a scroll of acquirement {unknown}
Potions
 d - 5 potions of brilliance
 i - 7 potions of curing
 m - 4 potions of agility
 n - 4 potions of might
 q - 3 potions of magic {unknown}
 r - 2 potions of haste {unknown}
 s - 2 potions of cancellation {unknown}
 t - a potion of experience {unknown}
 z - 3 potions of lignification
 D - a potion of resistance {unknown}
 J - 3 potions of mutation {unknown}
 K - a potion of invisibility {unknown}
 M - 2 potions of berserk rage {unknown}
 P - a potion of ambrosia {unknown}
Comestibles
 f - 36 rations


   Skills:
 + Level 15.5 Fighting
 + Level 19.2 Axes
 + Level 14.8 Armour
 + Level 4.9 Dodging
 + Level 2.5 Stealth
 + Level 19.2 Shields


You had 15 spell levels left.
You didn't know any spells.

Dungeon Overview and Level Annotations

Branches:
Dungeon (12/15)            Temple (1/1) D:6            Lair (6/6) D:10
 Shoals (0/4) Lair:4        Snake (0/4) Lair:2        Slime (0/5) Lair:5
    Orc (2/2) D:11            Elf (3/3) Orc:2

Altars:
Ashenzari
Cheibriados
Dithmenos
Elyvilon
Fedhas
Gozag
Hepliaklqana
Kikubaaqudgha
Makhleb
Nemelex Xobeh
Okawaru
Qazlal
Ru
Sif Muna
Trog
Uskayaw
Vehumet
Wu Jian
Xom
Yredelemnul
Zin
The Shining One
Jiyva

Shops:
Orc:2 !:=}

Annotations:
Lair:6 1 exclusion
Elf:3 Aizul


Innate Abilities, Weirdness & Mutations

You reflexively headbutt those who attack you in melee.
You have a pair of horns on your head.


Message History

Trog accepts your kill.
Trog appreciates your killing of a magic user.
Aizul hits you but does no damage.
You hit Aizul but do no damage. You headbutt Aizul!
Aizul is heavily wounded.
Aizul coils herself and waves her upper body at you.
You fall asleep.
Aizul hisses menacingly.
Aizul hits you!!!
You wake up.
Your corrosive artefact corrodes you!
Aizul casts a spell at you. The bolt of poison hits you!
You are poisoned.
* * * LOW HITPOINT WARNING * * *
Your skin crawls.
You feel resistant to hostile enchantments.
You feel somewhat more hungry.
You feel sick. Aizul casts a spell at you. The bolt of poison hits you!
You are more poisoned.
You die...

≈≈≈≈≈≈≈≈≈≈≈≈≈≈≈≈≈≈≈)≈≈≈≈≈≈≈≈≈≈≈##
≈≈≈≈≈≈≈≈≈≈≈≈≈≈≈≈≈≈≈≈≈≈≈≈≈≈≈≈≈≈##.
###############################..
.. ...............)).'... ..
................))'...
###'######'##########'#...
...(.(.)#)........#..)##..
.......[)S.....)((#....##.
.......§#@...)....'.....##
######)###############)..' ...
#...# ..... #...# ..(.... #...#
.(####. #...# # .. #...# .. #...#
#...#


You could see Aizul.

Vanquished Creatures
  2 deep elf master archers (Elf:3)
  2 deep elf blademasters
  Gastronok (Lair:3)
  2 orc warlords (Orc:2)
  5 deep elf sorcerers
  Louise (Elf:1)
  Nessos (D:12)
  2 deep elf demonologists (Elf:3)
  3 deep elf annihilators (Elf:3)
  7 deep elf high priests
  3 deep elf death magi (Elf:3)
  Harold (Lair:2)
  2 catoblepae
  A two-headed ogre (D:12)
  26 dancing weapons
  3 orc high priests (Orc:2)
  11 death yaks
  The ghost of Jaiteiro the Basher, a novice TrBe of Trog (D:7)
  Sonja (Lair:3)
  13 deep elf knights
  A fire crab (Volcano)
  An unseen horror (D:12)
  4 deep elf archers (Elf:3)
  A lindwurm (Volcano)
  44 deep elf magi
  3 orc knights (Orc:2)
  A faun (shapeshifter) (Elf:3)
  A manticore (Lair:4)
  A cyclops (D:12)
  2 orc sorcerers (Orc:2)
  10 elephants
  Joseph (D:9)
  7 black mambas
  2 molten gargoyles (Volcano)
  12 spiny frogs
  2 kobold demonologists (D:12)
  A rime drake (Lair:6)
  A yaktaur (shapeshifter) (D:10)
  5 komodo dragons
  5 trolls
  4 red devils (D:12)
  2 polar bears (Lair:6)
  A hornet (shapeshifter) (Elf:1)
  4 hornets (Lair:6)
  4 blink frogs (Lair:2)
  5 hippogriffs
  A meliai zombie (D:11)
  A dream sheep (Lair:6)
  An air elemental (Elf:1)
  Sigmund (D:2)
  13 spriggans
  5 water elementals
  A wyvern (D:11)
  38 yaks
  2 fire elementals
  2 wraiths (D:9)
  2 fire bats (Volcano)
  3 vampire mosquitoes (Lair:6)
  Menkaure (D:3)
  3 steam dragons (Volcano)
  A hungry ghost (D:8)
  2 insubstantial wisps (Lair:6)
  3 wargs (Orc:2)
  A hell hound (Volcano)
  8 water moccasins
  10 porcupines
  A swamp drake (Lair:6)
  A sky beast (D:5)
  An ice beast (shapeshifter) (Elf:2)
  2 ice beasts
  24 orc warriors
  5 necrophages
  4 black bears (Lair:6)
  21 wolves
  3 boggarts (Lair:6)
  6 ogres
  6 phantoms
  12 centaurs
  12 crocodiles
  4 big kobolds
  15 bullfrogs
  4 earth elementals
  An elf skeleton (D:9)
  2 wyvern zombies
  3 scorpions
  8 killer bees
  2 electric eels
  6 wights
  2 howler monkeys
  5 lava snakes (Volcano)
  7 crimson imps
  2 hounds
  2 bullfrog zombies
  2 quasits
  2 centaur skeletons
  4 human zombies (D:9)
  13 orc priests
  5 iguanas
  2 jellies
  4 bullfrog skeletons
  Terence (D:2)
  Natasha (thrice) (D:2)
  17 orc wizards
  4 worker ants
  A hound zombie (D:11)
  A hound skeleton (D:3)
  A mummy (D:9)
  A howler monkey zombie (D:3)
  7 gnolls
  A howler monkey skeleton (D:4)
  15 adders
  2 river rats
  2 shadow imps
  6 oozes
  An adder zombie (D:6)
  2 adder skeletons
  2 worms
  A dart slug (D:1)
  5 leopard geckos
  53 orcs
  14 ball pythons
  6 bats
  4 giant cockroaches
  4 goblins
  9 hobgoblins
  11 jackals
  6 quokkas
  7 frilled lizards
  21 kobolds
  A leopard gecko skeleton (D:4)
  A quokka skeleton (D:5)
  32 rats
  7 crawling corpses
  4 fungi
  A plant (Lair:5)
759 creatures vanquished.

Vanquished Creatures (others)
  A deep elf blademaster (Elf:3)
  A deep elf knight (Elf:1)
  A deep elf archer (Elf:3)
  4 orc warriors (Orc:2)
  6 centaurs
  An orc wizard (Orc:2)
  4 orcs (Orc:2)
  12 fungi
  4 plants
34 creatures vanquished.

Grand Total: 793 creatures vanquished

Notes
Turn   | Place    | Note
-------+----------+-------------------------------------------
     0 | D:1      | infcreate the Minotaur Fighter began the quest for the Orb.
     0 | D:1      | Reached XP level 1. HP: 19/19 MP: 0/0
   321 | D:1      | Reached XP level 2. HP: 27/27 MP: 1/1
   735 | D:2      | Found a glowing golden altar of the Shining One.
   830 | D:2      | Reached XP level 3. HP: 30/33 MP: 2/2
  1050 | D:2      | Noticed Sigmund
  1075 | D:2      | Killed Sigmund
  1075 | D:2      | Reached XP level 4. HP: 14/41 MP: 3/3
  1075 | D:2      | Reached XP level 5. HP: 16/47 MP: 4/4
  1399 | D:2      | Noticed Terence
  1408 | D:2      | Killed Terence
  1551 | D:2      | Found a shimmering altar of Xom.
  1560 | D:2      | Found an opulent altar of Gozag.
  1603 | D:2      | Reached skill level 5 in Axes
  1603 | D:2      | Reached skill level 1 in Dodging
  1664 | D:2      | Noticed Natasha
  1670 | D:2      | Killed Natasha
  1698 | D:2      | Noticed Natasha
  1711 | D:2      | Killed Natasha
  1711 | D:2      | Reached XP level 6. HP: 12/53 MP: 5/5
  1958 | D:2      | Noticed Natasha
  1972 | D:2      | Killed Natasha
  2025 | D:3      | Found an ancient bone altar of Kikubaaqudgha.
  2025 | D:3      | Found a transporter.
  2029 | D:3      | Found a shadowy altar of Dithmenos.
  2035 | D:3      | Noticed Menkaure
  2142 | D:3      | Found a glowing silver altar of Zin.
  2160 | D:3      | Found a basalt altar of Yredelemnul.
  2217 | D:3      | Found a glowing drain.
  2240 | Sewer    | Entered a sewer
  2366 | Sewer    | Reached skill level 5 in Fighting
  2475 | Sewer    | Reached skill level 5 in Shields
  2525 | Sewer    | Reached skill level 5 in Armour
  2527 | Sewer    | Reached XP level 7. HP: 44/61 MP: 6/6
  2624 | D:3      | Found an opulent altar of Gozag.
  2798 | D:3      | Found a white marble altar of Elyvilon.
  2967 | D:3      | Found a transporter.
  3037 | D:3      | Killed Menkaure
  3205 | D:4      | Reached XP level 8. HP: 46/69 MP: 7/7
  3244 | D:4      | Found a hide-covered altar of Uskayaw.
  3253 | D:4      | Noticed a hand axe
  3253 | D:4      | Noticed a dagger
  3808 | D:5      | Entered Level 5 of the Dungeon
  4440 | D:6      | Reached XP level 9. HP: 78/78 MP: 8/8
  4619 | D:6      | Reached skill level 10 in Axes
  5054 | D:6      | Found a staircase to the Ecumenical Temple.
  5068 | Temple   | Entered the Ecumenical Temple
  5073 | Temple   | Became a worshipper of Trog the Wrathful
  5343 | D:7      | Found a sparkling altar of Nemelex Xobeh.
  5579 | D:7      | Noticed Jaiteiro's ghost (novice TrBe)
  5602 | D:7      | Killed Jaiteiro's ghost
  5812 | D:7      | Reached skill level 1 in Stealth
  5871 | D:7      | Reached * piety under Trog
  6137 | D:8      | Reached XP level 10. HP: 86/86 MP: 9/9
  6909 | D:9      | Noticed Joseph
  6912 | D:9      | Reached ** piety under Trog
  6927 | D:9      | Killed Joseph
  6927 | D:9      | Reached skill level 10 in Shields
  7305 | D:9      | Found a basalt altar of Yredelemnul.
  7559 | D:9      | Found a deep blue altar of Sif Muna.
  7638 | D:9      | Reached *** piety under Trog
  8226 | D:10     | Entered Level 10 of the Dungeon
  8352 | D:10     | Found a staircase to the Lair.
  8389 | D:10     | Reached XP level 11. HP: 82/94 MP: 10/10
  8991 | D:11     | Reached **** piety under Trog
  9580 | D:11     | Found a staircase to the Orcish Mines.
  9748 | Lair:1   | Entered Level 1 of the Lair of Beasts
 10924 | Lair:2   | Reached skill level 10 in Armour
 10934 | Lair:2   | Reached ***** piety under Trog
 11467 | Lair:2   | Found a staircase to the Snake Pit.
 11486 | Lair:2   | Noticed Harold
 11507 | Lair:2   | Killed Harold
 11507 | Lair:2   | Reached XP level 12. HP: 91/105 MP: 11/11
 11834 | Lair:3   | Noticed Gastronok
 11843 | Lair:3   | Killed Gastronok
 12212 | Lair:3   | Noticed Sonja
 12221 | Lair:3   | Killed Sonja
 12449 | Lair:4   | Reached skill level 15 in Axes
 12464 | Lair:4   | Reached skill level 10 in Fighting
 12753 | Lair:4   | Found a staircase to the Shoals.
 13410 | Lair:5   | Noticed a death yak
 13413 | Lair:5   | Noticed a death yak
 13416 | Lair:5   | Noticed a death yak
 13417 | Lair:5   | Noticed a death yak
 13428 | Lair:5   | Killed a death yak
 13436 | Lair:5   | Killed a death yak
 13440 | Lair:5   | Killed a death yak
 13440 | Lair:5   | Reached XP level 13. HP: 80/114 MP: 12/12
 13844 | Lair:5   | Found a runed door.
 13844 | Lair:5   | Found a viscous altar of Jiyva.
 13859 | Lair:5   | Found a staircase to the Slime Pits.
 14413 | Lair:6   | Entered Level 6 of the Lair of Beasts
 14426 | Lair:6   | Received a gift from Trog
 14479 | Lair:6   | Found a dark tunnel.
 14492 | Volcano  | Entered a volcano
 14975 | Volcano  | Found a burning altar of Makhleb.
 16066 | Lair:6   | Reached XP level 14. HP: 83/126 MP: 13/13
 16098 | Lair:6   | Reached skill level 15 in Shields
 16349 | Lair:6   | Reached ****** piety under Trog
 16384 | Lair:6   | Received a gift from Trog
 17345 | D:12     | Noticed Nessos
 17355 | D:12     | Killed Nessos
 18652 | Orc:1    | Entered Level 1 of the Orcish Mines
 18878 | Orc:2    | Entered Level 2 of the Orcish Mines
 19281 | Orc:2    | Noticed an orc warlord
 19294 | Orc:2    | Killed an orc warlord
 19872 | Orc:2    | Received a gift from Trog
 19885 | Orc:2    | Got a spiked chain mail
 19911 | Orc:2    | Identified the cursed +0 chain mail of Atacsod {*Contam rN+ Str+3 SInv} (You found it on level 2 of the Orcish Mines)
 19927 | Orc:2    | Noticed an orc warlord
 19948 | Orc:2    | Killed an orc warlord
 20500 | Orc:2    | Found Webeg's Jewellery Shop.
 20500 | Orc:2    | Found Guavy's Book Emporium.
 20502 | Orc:2    | Found Vawkelow's Distillery.
 20504 | Orc:2    | Found Xiod's Gadget Boutique.
 20641 | Orc:2    | Found a staircase to the Elven Halls.
 20690 | Orc:2    | Bought a ring of the Octopus King {rN+ AC+1 EV+1 Str+1 Int+1 Dex+1} for 625 gold pieces
 20690 | Orc:2    | Found the ring of the Octopus King {rN+ AC+1 EV+1 Str+1 Int+1 Dex+1}
 20714 | Elf:1    | Entered Level 1 of the Elven Halls
 20790 | Elf:1    | Found a flickering gateway to a bazaar.
 20806 | Bazaar   | Entered a bazaar
 20808 | Bazaar   | Found Poibryfi's Assorted Antiques.
 20812 | Bazaar   | Found Segiet's Food Boutique.
 20812 | Bazaar   | Found Ofaekh's Magic Scroll Boutique.
 20813 | Bazaar   | Found Zeoheul's General Store.
 21383 | Elf:1    | Noticed a deep elf sorcerer
 21395 | Elf:1    | Killed a deep elf sorcerer
 21412 | Elf:1    | Reached XP level 15. HP: 55/136 MP: 14/14
 21926 | Elf:1    | Noticed Louise
 21950 | Elf:1    | Killed Louise
 21952 | Elf:1    | Got a bloodstained large shield
 21965 | Elf:1    | Identified the cursed +0 large shield "Qaredgh" {*Corrode rElec Regen+ Str+3} (You took it off Louise on level 1 of the Elven Halls)
 22366 | Elf:2    | Received a gift from Trog
 22369 | Elf:2    | Found a runed gate.
 22369 | Elf:2    | Found a runed gate.
 22370 | Elf:2    | Found a runed gate.
 23133 | Elf:2    | Noticed a deep elf blademaster
 23150 | Elf:2    | Killed a deep elf blademaster
 23867 | Elf:3    | Entered Level 3 of the Elven Halls
 23953 | Elf:3    | Received a gift from Trog
 23953 | Elf:3    | Reached XP level 16. HP: 147/147 MP: 15/15
 24485 | Elf:3    | Reached skill level 15 in Fighting
 24694 | Elf:3    | Noticed a Brimstone Fiend
 24694 | Elf:3    | Received a gift from Trog
 24709 | Elf:3    | Noticed a deep elf blademaster
 24729 | Elf:3    | Killed a deep elf blademaster
 24737 | Elf:3    | Noticed a deep elf master archer
 24742 | Elf:3    | Noticed a deep elf blademaster
 24747 | Elf:3    | Killed a deep elf master archer
 24758 | Elf:3    | Killed a deep elf blademaster
 24762 | Elf:3    | Noticed a deep elf master archer
 24765 | Elf:3    | Killed a deep elf master archer
 24816 | Elf:3    | Noticed Aizul
 24830 | Elf:3    | Killed from afar by Aizul

Skill      XL: |  1  2  3  4  5  6  7  8  9 10 11 12 13 14 15 16 |
---------------+-------------------------------------------------+-----
Shields        | 4 5 6 7 9 10 12 13 14 16 18 19 | 19.2
Fighting       | 4 5 6 7 8 9 10 12 13 14 15 | 15.5
Armour         | 4 5 6 7 8 10 11 12 13 14 | 14.8
Axes           | 3 4 5 6 7 9 11 12 14 16 18 19 | 19.2
Dodging        | 1 2 3 4 |  4.9
Stealth        | 1 2 |  2.5

Action                   |  1- 3 |  4- 6 |  7- 9 | 10-12 | 13-15 | 16-18 || total
-------------------------+-------+-------+-------+-------+-------+-------++-------
Melee: War axe           |    62 |   162 |   361 |   781 |   665 |       ||  2031
       Headbutt          |     9 |    21 |    78 |   193 |   289 |    32 ||   622
       Broad axe         |       |       |       |       |   599 |   144 ||   743
Invok: Burn Spellbooks   |       |       |     2 |     1 |     3 |       ||     6
       Berserk           |       |       |       |     3 |    10 |     2 ||    15
       Trog's Hand       |       |       |       |       |     5 |     4 ||     9
  Use: Potion            |     1 |       |     1 |       |     4 |     5 ||    11
       Scroll            |       |     7 |     2 |       |    11 |       ||    20
 Stab: Held in net/web   |       |       |       |     1 |       |       ||     1
       Distracted        |       |       |       |       |     2 |       ||     2
  Eat: Chunk             |       |     6 |    12 |    23 |    25 |       ||    66
       Ration            |       |       |     1 |     1 |     7 |     1 ||    10
Armor: Scale mail        |    38 |     4 |       |       |       |       ||    42
       Chain mail        |       |    84 |    95 |     1 |    62 |    15 ||   257
       Plate armour      |       |       |       |   174 |   289 |       ||   463
       Skin              |       |       |       |       |       |    22 ||    22
Dodge: Dodged            |    20 |    34 |    54 |   101 |   188 |    17 ||   414
Block: Shield            |    27 |   137 |   256 |   564 |   784 |       ||  1768
       Reflection        |       |       |    13 |    30 |    71 |    23 ||   137
       Large shield      |       |       |       |       |   284 |   139 ||   423
